 Dungeon Crawl Stone Soup version 0.23.2 (webtiles) character file.

Game seed: 4015824928282281240

1348 Borgoz the Cutter (level 8, 0/72 HPs)
             Began as a Gargoyle Gladiator on Apr 8, 2019.
             Slain by an orc
             ... wielding a +0 hand axe of electrocution
              (15 damage)
             ... on level 6 of the Dungeon.
             The game lasted 00:09:58 (5751 turns).

Borgoz the Cutter (Gargoyle Gladiator)              Turns: 5751, Time: 00:09:59

Health: 0/72       AC: 24    Str: 17 (18) XL:     8   Next: 63%
Magic:  8/8        EV:  2    Int:  7 (9)  God:
Gold:   307        SH:  0    Dex: 11 (13) Spells: 6/7 levels left

rFire    . . .     SeeInvis .   q - +1 short sword (flame)
rCold    . . .     Gourm    .   (no shield)
rNeg     + + +     Faith    .   (armour currently unavailable)
rPois    ∞         Spirit   .   (helmet currently unavailable)
rElec    .         Reflect  .   (cloak currently unavailable)
rCorr    .         Harm     .   (gloves currently unavailable)
MR       .....     Clarity  +   (boots currently unavailable) Stlth +++.......NoTele +
                                (no amulet)
HPRegen  0.22/turn              s - ring of stealth
MPRegen  0.11/turn              (no ring)

@: tree-form
A: clarity, negative energy resistance 1, petrification resistance, rot
immunity, AC +5
a: no special abilities


You were on level 6 of the Dungeon.
You were very hungry.
You were a tree.
You visited 1 branch of the dungeon, and saw 6 of its levels.
You also visited: Sewer.

You collected 307 gold pieces.

Inventory:

Hand Weapons
 a - a +0 rapier
 l - a +1 dagger of distortion
 q - a +1 short sword of flaming (weapon)
 A - a +0 dagger of chaos
Missiles
 C - 3 tomahawks (quivered)
Armour
 c - a +0 helmet (melded)
 g - a cursed +0 cloak (melded)
 h - a +3 leather armour (melded)
Jewellery
 s - a ring of stealth (left branch)
 E - a cursed -3 ring of protection {unknown}
Wands
 B - a wand of scattershot (6)
Scrolls
 e - 6 scrolls of identify {unknown}
 i - 2 scrolls of magic mapping {unknown}
 j - a scroll of blinking {unknown}
 k - 2 scrolls of remove curse {unknown}
 m - 3 scrolls of fear
 t - a scroll of random uselessness {unknown}
 v - 2 scrolls of enchant armour {unknown}
 w - 3 scrolls of teleportation {unknown}
 x - 2 scrolls of fog {unknown}
 y - a scroll of noise {unknown}
Potions
 b - a potion of degeneration
 n - a potion of flight {unknown}
 o - 5 potions of curing
 p - a potion of lignification
 r - a potion of magic
Comestibles
 f - 5 rations


   Skills:
 + Level 4.7 Fighting
 * Level 5.6 Short Blades
 - Level 1.7 Throwing
 + Level 4.0 Armour
 * Level 5.2 Dodging
 + Level 4.2 Stealth


You had 6 spell levels left.
You knew the following spells:

 Your Spells              Type           Power        Failure   Level  Hunger
a - Confusing Touch       Hex            #.....       43%         1    ##.....

Your spell library contained the following spells:

 Spells                   Type           Power        Failure   Level  Hunger
 Animate Skeleton         Necr           N/A          43%         1    ##.....
 Apportation              Tloc           #.....       43%         1    ##.....
 Summon Small Mammal      Summ           #...         43%         1    ##.....
 Summon Lightning Spire   Summ/Air       #.......     99%         4    #####..
 Silence                  Hex/Air        #.........   100%        5    ######.
 Conjure Ball Lightning   Conj/Air       #.........   100%        6    #######
 Deflect Missiles         Chrm/Air       #.........   100%        6    #######
 Tornado                  Air            #.........   100%        9    #######


Dungeon Overview and Level Annotations

Branches:
Dungeon (6/15)
 Temple: D:4-7

Altars:
Elyvilon
Gozag
Nemelex Xobeh
Okawaru
Xom

Annotations:
D:3 2 transporters, Killmatronix's ghost, weakling MiFE
D:5 3 runed translucent doors, grocchini's ghost, amateur OgHu


Innate Abilities, Weirdness & Mutations

You are resistant to torment.
((Your stone body is resilient. (AC +5)))
You are immune to poison.
You resist negative energy. (rN+)
((You are resistant to electric shocks. (rElec)))
((You can survive without breathing.))
You are immune to petrification.
You are immune to rotting.
((Your large and strong wings let you fly indefinitely.))
You possess an exceptional clarity of mind.


Message History

The orc warrior hits you but does no damage.
The orc hits you but does no damage.
You hit the orc warrior but do no damage.
The orc warrior is heavily wounded.
The orc hits you but does no damage.
The orc warrior hits you with a +3 glaive.
* * * LOW HITPOINT WARNING * * *
The orc hits you but does no damage.
You hit the orc warrior but do no damage.
The orc warrior is heavily wounded.
The orc hits you but does no damage.
You completely miss the orc warrior.
The orc warrior is heavily wounded.
The orc hits you but does no damage.
The orc warrior hits you but does no damage.
The orc hits you but does no damage.
You barely miss the orc warrior.
The orc warrior is heavily wounded.
The orc hits you but does no damage.
You are electrocuted!
You die...

##.#######.###.########
#.............>........
##########.############
#......# #......# .
#......# ... #......#
... #########o.....#
... #.......♣o(###...
... ##.#.....o...'...
... #.#.#########...
### #.#.###....####
#.#............
#.#####....### ## #.#
#....# #. #.# #....# #.
#.# ##....############.


You could see an orc warrior and 2 orcs.

Vanquished Creatures
  Menkaure (D:5)
  An ogre (D:4)
  A centaur (D:5)
  3 bullfrogs
  2 scorpions
  A howler monkey (D:6)
  6 crimson imps
  A centaur zombie (D:5)
  A hound (D:4)
  An orc priest (D:4)
  3 orc wizards
  An iguana (D:5)
  2 worker ants
  10 adders
  2 river rats (Sewer)
  A shadow imp (D:4)
  4 oozes
  An adder skeleton (D:4)
  4 worms
  7 leopard geckos
  16 orcs
  5 giant cockroaches
  7 goblins
  5 hobgoblins
  7 jackals
  2 quokkas
  15 ball pythons
  7 bats
  5 frilled lizards
  11 kobolds
  A quokka zombie (D:6)
  29 rats
163 creatures vanquished.

Notes
Turn   | Place    | Note
-------+----------+-------------------------------------------
     0 | D:1      | Borgoz the Gargoyle Gladiator began the quest for the Orb.
     0 | D:1      | Reached XP level 1. HP: 12/12 MP: 1/1
   200 | D:1      | Reached XP level 2. HP: 16/18 MP: 2/2
   678 | D:2      | Reached XP level 3. HP: 21/22 MP: 3/3
   735 | D:2      | Noticed a scorpion
   740 | D:2      | Reached skill level 1 in Stealth
   754 | D:2      | Reached skill level 1 in Armour
   762 | D:2      | Killed a scorpion
   762 | D:2      | Reached XP level 4. HP: 24/27 MP: 4/4
   964 | D:2      | Reached XP level 5. HP: 31/32 MP: 5/5
  1563 | D:3      | Found a glowing drain.
  1595 | Sewer    | Entered a sewer
  1806 | Sewer    | Reached XP level 6. HP: 28/37 MP: 6/6
  2297 | D:3      | Found a faded altar of an unknown god.
  2330 | D:3      | Found a transporter.
  2331 | D:3      | Noticed Killmatronix's ghost (weakling MiFE)
  2511 | D:3      | Found a transporter.
  2646 | D:3      | Found a sparkling altar of Nemelex Xobeh.
  2647 | D:3      | Found a white marble altar of Elyvilon.
  3154 | D:4      | Reached XP level 7. HP: 37/41 MP: 7/7
  3792 | D:4      | Found a shimmering altar of Xom.
  3937 | D:4      | Found an iron altar of Okawaru.
  4120 | D:5      | Entered Level 5 of the Dungeon
  4154 | D:5      | Learned a level 1 spell: Confusing Touch
  4193 | D:5      | Reached skill level 5 in Short Blades
  4193 | D:5      | Reached XP level 8. HP: 48/48 MP: 8/8
  4204 | D:5      | Found a runed translucent gate.
  4204 | D:5      | Found an opulent altar of Gozag.
  4205 | D:5      | Found a runed translucent gate.
  4205 | D:5      | Found a runed translucent gate.
  4205 | D:5      | Noticed grocchini's ghost (amateur OgHu)
  4338 | D:5      | Noticed Menkaure
  4347 | D:5      | Killed Menkaure
  4362 | D:5      | Reached skill level 5 in Dodging
  5741 | D:6      | Gained mutation: You possess an exceptional clarity of
                  | mind. [potion of mutation]
  5741 | D:6      | Gained mutation: Your large and strong wings let you fly
                  | indefinitely. [potion of mutation]
  5751 | D:6      | Slain by an orc

Skill      XL: |  1  2  3  4  5  6  7  8 |
---------------+-------------------------+-----
Short Blades   | 3 4 5 |  5.6
Stealth        | 1 2 3 4 |  4.2
Armour         | 1 2 3 4 |  4.0
Dodging        | 3 4 5 |  5.2
Fighting       | 3 4 |  4.7
Throwing       | |  1.7

Action                   |  1- 3 |  4- 6 |  7- 9 || total
-------------------------+-------+-------+-------++-------
Melee: Rapier            |    83 |   100 |       ||   183
       Short sword       |       |   278 |   242 ||   520
Throw: Throwing net      |     2 |       |     3 ||     5
       Tomahawk          |       |       |     1 ||     1
  Use: Potion            |       |     5 |     7 ||    12
       Scroll            |       |     1 |       ||     1
 Stab: Sleeping          |       |       |     6 ||     6
       Held in net/web   |       |       |     1 ||     1
  Eat: Chunk             |       |     8 |     7 ||    15
Armor: Leather armour    |    36 |   195 |    62 ||   293
       Skin              |       |       |    16 ||    16
Dodge: Dodged            |    57 |   340 |   144 ||   541
